[Event "Titled Tuesday Blitz April 4 Late 2023"]
[White "Yeritsyan, Hayk"]
[Black "Makridis, Dimitrios"]
[WhiteFideId "13307320"]
[BlackFideId "25864475"]
[WhiteElo "2428"]
[BlackElo "2277"]
[Result "0-1"]
[Round "01"]
[TimeControl "180+2"]
[Date "2023.04.04"]
[WhiteClock "0:02:04"]
[BlackClock "0:01:52"]

1. d4 d6 2. Nf3 Nf6 3. Bf4 g6 4. h3 Bg7 5. e3 O-O 6. c3 Nbd7 7. Be2 Qe8 8. O-O e5 9. Bh2 e4 10. Nfd2 Qe7 11. c4 c6 12. Nc3 Re8 13. b4 h5 14. Qc2 Nf8 15. a4 Bf5 16. Rfe1 h4 17. b5 N8h7 18. a5 a6 19. bxc6 bxc6 20. Na4 Ng5 21. Bf1 Rad8 22. Bf4 Nh5 23. Bh2 c5 24. dxc5 Bxa1 25. cxd6 Qf6 26. c5 Be5 27. Bxe5 Qxe5 28. Bxa6 Bxh3 29. gxh3 Nxh3+ 30. Kg2 Nxf2 31. Kxf2 Qh2+ 32. Kf1 Ng3# 0-1


[Site "https://www.chess.com"]

[Event "Titled Tuesday Blitz April 4 Late 2023"]
[White "Leitao, Rafael"]
[Black "Kielinkei"]
[WhiteFideId "2101246"]
[WhiteElo "2609"]
[BlackElo "2427"]
[Result "1-0"]
[Round "01"]
[TimeControl "180+2"]
[Date "2023.04.04"]
[WhiteClock "0:00:47"]
[BlackClock "0:00:02"]

1. c4 e6 2. g3 d5 3. Bg2 c6 4. Nf3 dxc4 5. O-O Nf6 6. Qc2 b5 7. b3 cxb3 8. axb3 Bb7 9. d4 Be7 10. Rd1 O-O 11. e4 Nbd7 12. Nc3 a6 13. e5 Nd5 14. Ne4 Qb6 15. Neg5 g6 16. Qe4 c5 17. Qh4 h5 18. g4 Kg7 19. gxh5 Rh8 20. h6+ Kf8 21. Qg3 cxd4 22. Nxd4 Bc5 23. Ngxe6+ fxe6 24. Qxg6 Bxd4 25. Qg7+ Ke8 26. Qxh8+ Nf8 27. h7 Bxf2+ 28. Kh1 Ne7 29. Qxf8+ Kxf8 30. h8=Q+ Ng8 31. Bh6+ Kf7 32. Qg7+ 1-0


[Site "https://www.chess.com"]

[Event "Titled Tuesday Blitz April 4 Late 2023"]
[White "Silva, Caio Henrique Angelico"]
[Black "Korchmar, Vasiliy"]
[WhiteFideId "22777210"]
[BlackFideId "24131750"]
[WhiteElo "2096"]
[BlackElo "2370"]
[Result "1-0"]
[Round "01"]
[TimeControl "180+2"]
[Date "2023.04.04"]
[WhiteClock "0:00:13"]
[BlackClock "0:00:03"]

1. d4 d5 2. Nf3 Nf6 3. g3 g6 4. Bg2 Bg7 5. O-O O-O 6. c4 c6 7. cxd5 cxd5 8. Ne5 Ng4 9. Nxg4 Bxg4 10. Nc3 Nc6 11. h3 Bd7 12. Be3 e6 13. Qd2 Rc8 14. Rac1 Qa5 15. Rfd1 Ne7 16. Bh6 Bxh6 17. Qxh6 Nf5 18. Qd2 Rc4 19. e3 Rfc8 20. Bf1 R4c7 21. Bd3 Nd6 22. Qe2 b5 23. a3 b4 24. axb4 Qxb4 25. Ra1 a5 26. Ra2 a4 27. Rda1 Rb8 28. h4 h5 29. g4 a3 30. Nd1 hxg4 31. bxa3 Qa5 32. Qxg4 Qe1+ 33. Kg2 e5 34. Qg3 Nf5 35. Qg5 exd4 36. Qf4 Rbc8 37. exd4 Be6 38. Ne3 Qc3 39. Nxf5 Bxf5 40. Bxf5 gxf5 41. Qg5+ Kf8 42. Re2 Rc6 43. Qe7+ Kg8 44. Rg1 Rg6+ 45. Kh2 Rxg1 46. Kxg1 Qxd4 47. Qg5+ Kf8 48. Qxf5 Rc1+ 49. Kg2 Qxh4 50. Qc8+ Kg7 51. Qxc1 Qg4+ 52. Kf1 Qh3+ 53. Ke1 Qh1+ 54. Kd2 Qh6+ 55. Re3 d4 56. Qb2 Qf6 57. Rd3 Qxf2+ 58. Kc1 Qe1+ 59. Kc2 Qe2+ 60. Rd2 Qe4+ 61. Kc1 Qe1+ 62. Rd1 Qe3+ 63. Kb1 Qe4+ 64. Ka1 1-0


[Site "https://www.chess.com"]

[Event "Titled Tuesday Blitz April 4 Late 2023"]
[White "Bilych, Olexiy"]
[Black "Martin Barcelo, Carles"]
[WhiteFideId "14156504"]
[BlackFideId "24561444"]
[WhiteElo "2320"]
[BlackElo "2089"]
[Result "1-0"]
[Round "01"]
[TimeControl "180+2"]
[Date "2023.04.04"]
[WhiteClock "0:01:24"]
[BlackClock "0:00:22"]

1. d4 Nf6 2. c4 g6 3. Nc3 Bg7 4. e4 d6 5. Nge2 O-O 6. Ng3 c5 7. d5 e6 8. Be2 exd5 9. cxd5 Re8 10. O-O Na6 11. Bg5 h6 12. Bf4 Nc7 13. Qd2 Kh7 14. Bd3 Rb8 15. a4 b6 16. Nb5 Nxb5 17. axb5 Qc7 18. Ra4 Bd7 19. Rfa1 a5 20. Ne2 Ng4 21. Nc3 Ne5 22. Bf1 Rf8 23. Re1 Rbe8 24. Bg3 Bc8 25. f4 Ng4 26. h3 Nf6 27. e5 Nh5 28. Bh2 dxe5 29. fxe5 Bxe5 30. Rxe5 Rxe5 31. d6 Qd7 32. Bxe5 Qf5 33. Re4 Bb7 34. g4 Qf3 35. Bg2 1-0


[Site "https://www.chess.com"]

[Event "Titled Tuesday Blitz April 4 Late 2023"]
[White "Hajiyev, Kanan"]
[Black "Kilic, Eray"]
[WhiteFideId "13404148"]
[BlackFideId "44517173"]
[WhiteElo "2103"]
[BlackElo "2328"]
[Result "1-0"]
[Round "01"]
[TimeControl "180+2"]
[Date "2023.04.04"]
[WhiteClock "0:00:31"]
[BlackClock "0:00:43"]

1. d4 Nf6 2. Nf3 g6 3. g3 Bg7 4. Bg2 O-O 5. O-O d6 6. c4 Nbd7 7. b3 e5 8. Bb2 exd4 9. Nxd4 Re8 10. Nc3 Nc5 11. Qc2 Ne6 12. Nxe6 Rxe6 13. Rad1 a6 14. c5 Qe8 15. cxd6 cxd6 16. e3 Rb8 17. Nd5 Nxd5 18. Bxd5 Re7 19. Bxg7 Kxg7 20. Qc3+ f6 21. Qb4 Rd7 22. Bc6 bxc6 23. Qxb8 d5 24. Qb6 Rd6 25. e4 Bh3 26. Rfe1 Re6 27. Qxa6 Rxe4 28. Qa7+ Kg8 29. Re3 Qe6 30. Rde1 f5 31. f3 f4 32. Rxe4 dxe4 33. Rxe4 Qc8 34. Re7 Qf8 35. Rxh7 Be6 36. Rh4 Bf7 37. Qd4 1-0


[Site "https://www.chess.com"]

[Event "Titled Tuesday Blitz April 4 Late 2023"]
[White "Gadimbayli, Abdulla"]
[Black "Kovalevsky, Stanislav"]
[WhiteFideId "13404938"]
[BlackFideId "13508598"]
[WhiteElo "2390"]
[BlackElo "2174"]
[Result "1/2-1/2"]
[Round "01"]
[TimeControl "180+2"]
[Date "2023.04.04"]
[WhiteClock "0:00:10"]
[BlackClock "0:00:15"]

1. e4 e6 2. d4 d5 3. e5 c5 4. c3 Nc6 5. Nf3 cxd4 6. cxd4 f6 7. Bb5 Bd7 8. O-O Nxe5 9. Nxe5 fxe5 10. Qh5+ g6 11. Qxe5 Bxb5 12. Qxh8 Bxf1 13. Qxg8 Qf6 14. Kxf1 O-O-O 15. Qxh7 Bc5 16. dxc5 Rh8 17. Qxh8+ Qxh8 18. h3 Qd4 19. Nc3 Qd3+ 20. Ke1 d4 21. Ne2 e5 22. Bd2 Qe4 23. Kf1 Qc2 24. Ke1 Qxb2 25. Rc1 Qxa2 26. f3 Kd7 27. Ng3 a5 28. Ne4 a4 29. c6+ bxc6 30. Nc5+ Kc7 31. Na6+ Kb7 32. Nb4 Qb2 33. Nxc6 a3 34. Na5+ Ka6 35. Nc4 Qb3 36. Na5 Qb2 37. Nc4 Qb3 38. Na5 Qb2 1/2-1/2


[Site "https://www.chess.com"]

[Event "Titled Tuesday Blitz April 4 Late 2023"]
[White "marik_spb"]
[Black "Papasimakopoulos, Alexandros"]
[BlackFideId "4244125"]
[WhiteElo "2416"]
[BlackElo "2359"]
[Result "0-1"]
[Round "01"]
[TimeControl "180+2"]
[Date "2023.04.04"]
[WhiteClock "0:00:06"]
[BlackClock "0:00:07"]

1. d4 e6 2. e4 d5 3. e5 a6 4. f4 Nh6 5. Nf3 Bd7 6. Bd3 Bb5 7. c3 c5 8. O-O Nc6 9. Be3 Ng4 10. Qe2 Bxd3 11. Qxd3 Nxe3 12. Qxe3 Qb6 13. Nbd2 g6 14. a3 a5 15. b4 cxd4 16. cxd4 Be7 17. b5 Qxb5 18. g4 h5 19. h3 hxg4 20. hxg4 Qa4 21. Kg2 Kf8 22. Rfb1 Rb8 23. Rb6 Kg7 24. f5 exf5 25. gxf5 gxf5 26. Qf4 Qc2 27. Rab1 Rh6 28. Rxb7 Rxb7 29. Rxb7 Rg6+ 30. Kf2 Rg4 31. Qe3 f4 32. Qb3 Qg6 33. Qxd5 Rg2+ 34. Ke1 Bxa3 35. e6 Ne7 36. Qe5+ Qf6 37. exf7 Kxf7 38. Qxf6+ Kxf6 39. Ne4+ Kf7 40. Nfg5+ Kg6 41. Ne6 Kf5 42. Nxf4 Kxf4 43. Nc5 Nd5 44. Rb5 Ne3 45. Nd3+ Ke4 46. Nf2+ Kxd4 47. Nd1 Bb4+ 48. Rxb4+ axb4 49. Nf2 Rxf2 50. Kxf2 Kd3 0-1


[Site "https://www.chess.com"]

[Event "Titled Tuesday Blitz April 4 Late 2023"]
[White "Yanchenko, Roman"]
[Black "KorolDimitriy75"]
[WhiteFideId "4137329"]
[WhiteElo "2491"]
[BlackElo "2414"]
[Result "1-0"]
[Round "01"]
[TimeControl "180+2"]
[Date "2023.04.04"]
[WhiteClock "0:02:21"]
[BlackClock "0:00:15"]

1. d4 Nf6 2. c4 c5 3. Nf3 cxd4 4. Nxd4 g6 5. Nc3 Bg7 6. e3 O-O 7. Be2 Nc6 8. O-O d6 9. b3 Bd7 10. Bb2 Qa5 11. Rc1 Rfc8 12. Bf3 a6 13. h3 Rab8 14. Qd2 Ne5 15. Be2 b5 16. cxb5 axb5 17. a3 b4 18. Na2 Ne4 19. Rxc8+ Bxc8 20. Qe1 Qb6 21. Nxb4 e6 22. Qc1 Nc5 23. Qc2 Bd7 24. Rc1 Rc8 25. Qd1 Kf8 26. f4 Nc6 27. Ndxc6 Bxc6 28. Qxd6+ 1-0


[Site "https://www.chess.com"]

[Event "Titled Tuesday Blitz April 4 Late 2023"]
[White "Jimenez Jimenez, Leandro"]
[Black "Horvath, Dominik"]
[WhiteFideId "6415253"]
[BlackFideId "1642561"]
[WhiteElo "2263"]
[BlackElo "2407"]
[Result "1-0"]
[Round "01"]
[TimeControl "180+2"]
[Date "2023.04.04"]
[WhiteClock "0:00:31"]
[BlackClock "0:00:46"]

1. d4 Nf6 2. c4 e6 3. Nf3 d5 4. g3 Be7 5. Bg2 Ne4 6. O-O f5 7. b3 Nc6 8. Ba3 Bf6 9. e3 h5 10. h4 g5 11. hxg5 Bxg5 12. Nbd2 h4 13. Nxe4 dxe4 14. Nxg5 Qxg5 15. d5 h3 16. dxc6 hxg2 17. Kxg2 bxc6 18. Rh1 Rxh1 19. Qxh1 Bb7 20. Rd1 c5 21. Qh8+ Kf7 22. Rd7+ 1-0


[Site "https://www.chess.com"]

[Event "Titled Tuesday Blitz April 4 Late 2023"]
[White "Bryakin, Mikhail"]
[Black "ArtemDyachuk"]
[WhiteFideId "4165314"]
[WhiteElo "2447"]
[BlackElo "2412"]
[Result "1-0"]
[Round "01"]
[TimeControl "180+2"]
[Date "2023.04.04"]
[WhiteClock "0:01:32"]
[BlackClock "0:00:01"]

1. e4 c5 2. Nf3 d6 3. Bb5+ Nd7 4. c3 Nf6 5. Qe2 g6 6. O-O Bg7 7. d4 cxd4 8. cxd4 O-O 9. Nc3 a6 10. Bd3 e5 11. d5 b5 12. b4 Bb7 13. a4 bxa4 14. Rxa4 Qc8 15. Bd2 Nh5 16. g3 f5 17. Rc1 fxe4 18. Nxe4 Qe8 19. Nxd6 Qb8 20. Nxb7 Qxb7 21. Bxa6 Qb6 22. Rc6 Qd8 23. Bg5 Qe8 24. Re6 Qf7 25. Kg2 Nhf6 26. Ra5 Rae8 27. Bc4 h6 28. Rxe8 Qxe8 29. d6+ Kh7 30. Be3 Ng4 31. Ra7 e4 32. Nd4 Nde5 33. Ne6 Nxe3+ 34. Qxe3 Rg8 35. Nc7 Qc6 36. Bxg8+ Kxg8 37. Ra6 1-0


[Site "https://www.chess.com"]

[Event "Titled Tuesday Blitz April 4 Late 2023"]
[White "Rodrigues, Bruno Morado"]
[Black "Lamard, Guillaume"]
[WhiteFideId "2115654"]
[BlackFideId "600261"]
[WhiteElo "2040"]
[BlackElo "2413"]
[Result "0-1"]
[Round "01"]
[TimeControl "180+2"]
[Date "2023.04.04"]
[WhiteClock "0:00:04"]
[BlackClock "0:00:20"]

1. d4 Nf6 2. Nc3 d5 3. Bg5 c6 4. Qd3 Nbd7 5. f3 h6 6. Bh4 e5 7. dxe5 Nxe5 8. Qd4 Bd6 9. e4 c5 10. Qa4+ Bd7 11. Bb5 g5 12. Bg3 d4 13. Bxd7+ Qxd7 14. Qxd7+ Kxd7 15. Nce2 Nh5 16. O-O-O Kc6 17. c3 dxc3 18. Nxc3 c4 19. Kc2 Rad8 20. Nge2 Nxg3 21. hxg3 Nd3 22. Rhf1 Bc5 23. Nd5 b5 24. Nc1 Ne5 25. Ne2 f5 26. Nd4+ Bxd4 27. Rxd4 fxe4 28. fxe4 Kc5 29. Rdd1 Rhf8 30. a3 a5 31. Ne3 Nd3 32. Ng4 Rde8 33. Nxh6 Rxf1 34. Rxf1 Rxe4 35. Rf5+ Kd4 36. b3 Re2+ 37. Kd1 Rxg2 38. bxc4 bxc4 39. Rxa5 c3 40. Nf5+ Ke4 41. Nd6+ Kf3 42. Rf5+ Kg4 0-1


[Site "https://www.chess.com"]

[Event "Titled Tuesday Blitz April 4 Late 2023"]
[White "Weetik, Vjacheslav"]
[Black "Abduzhaparov"]
[WhiteFideId "4153472"]
[WhiteElo "2469"]
[BlackElo "2408"]
[Result "0-1"]
[Round "01"]
[TimeControl "180+2"]
[Date "2023.04.04"]
[WhiteClock "0:00:14"]
[BlackClock "0:00:09"]

1. d4 d6 2. e4 Nf6 3. Nc3 e5 4. Nf3 Nbd7 5. g3 Be7 6. Bg2 O-O 7. O-O Re8 8. Re1 Bf8 9. b3 c6 10. a4 a5 11. Ba3 exd4 12. Qxd4 Nc5 13. e5 dxe5 14. Qxd8 Rxd8 15. Nxe5 Ng4 16. Nc4 Bf5 17. Re2 Re8 18. Rae1 Rxe2 19. Rxe2 Be6 20. h3 Nf6 21. Ne5 Rd8 22. f4 Nxa4 23. Nxa4 Bxa3 24. Kh2 Bf8 25. c4 Rd1 26. g4 g6 27. Bf3 Nd7 28. f5 gxf5 29. Nxd7 Bxd7 30. gxf5 Bxf5 31. Nc3 Ra1 32. Ne4 Bxe4 33. Bxe4 Bd6+ 34. Kg2 a4 35. bxa4 Rxa4 36. Bd3 Kf8 37. Rb2 Ra7 38. Bxh7 Be7 39. Be4 Bf6 40. Rf2 Bg7 41. Re2 Ra3 42. h4 Rc3 43. h5 Rxc4 44. Bf3 Rc3 45. Ra2 Rc5 46. Ra8+ Ke7 47. Rg8 Bf8 48. Rg3 b5 49. Kf1 b4 50. Be2 Rc3 51. Rg4 b3 52. Re4+ Kf6 53. Rf4+ Kg7 54. Rg4+ Kh6 55. Rc4 Rxc4 56. Bxc4 b2 57. Bd3 Kxh5 58. Ke2 Kg5 59. Bb1 c5 60. Kd3 Bg7 61. Kc4 Kf4 62. Kd5 Ke3 63. Kxc5 Kd2 64. Kc4 Kc1 65. Ba2 b1=Q 66. Bxb1 Kxb1 67. Kd3 f6 68. Ke4 Kb2 69. Kf5 Kc3 0-1


[Site "https://www.chess.com"]

[Event "Titled Tuesday Blitz April 4 Late 2023"]
[White "Harriott, Tyrell"]
[Black "Riff, Vincent"]
[WhiteFideId "2086484"]
[BlackFideId "617776"]
[WhiteElo "2107"]
[BlackElo "2369"]
[Result "0-1"]
[Round "01"]
[TimeControl "180+2"]
[Date "2023.04.04"]
[WhiteClock "0:00:14"]
[BlackClock "0:00:34"]

1. d4 d5 2. e3 Nf6 3. Bd3 Bg4 4. Ne2 c5 5. c3 Nc6 6. f4 e6 7. O-O Bd6 8. Nd2 Qc7 9. Nf3 Ne4 10. Bxe4 dxe4 11. Ng5 Bf5 12. Ng3 h6 13. N5xe4 O-O-O 14. Qf3 Bh7 15. f5 e5 16. d5 Ne7 17. c4 Rhe8 18. Qh5 Ng8 19. Qg4 f6 20. Bd2 Bf8 21. a3 Kb8 22. Rfc1 Ne7 23. d6 Rxd6 24. Nxd6 Qxd6 25. Rd1 Qc6 26. e4 Bg8 27. Qe2 Nc8 28. Rdc1 Rd8 29. b4 Nb6 30. b5 Qd6 31. Ba5 Qd4+ 32. Kh1 Bxc4 33. Qe1 Bxb5 34. Rd1 Bd3 35. Bxb6 axb6 36. Qd2 c4 37. Qe1 Bc5 38. h3 Rc8 39. a4 Qb2 40. Rd2 Qb4 41. Rad1 Qa5 42. Ra2 Qxe1+ 43. Rxe1 c3 44. Rc1 Be3 45. Rd1 c2 46. Rxc2 Bxc2 47. Ra1 Bf4 48. Ne2 Bxe4 49. Nxf4 exf4 50. a5 bxa5 51. Ra2 Rc2 52. Rxc2 Bxc2 53. Kg1 a4 54. Kf2 a3 55. Kf3 a2 56. Kxf4 a1=Q 57. Kg4 Qd4+ 58. Kh5 Qf4 59. Kg6 Qxf5+ 60. Kf7 Qd7+ 61. Kg8 g5 62. Kf8 Bg6 63. Kg8 Qf7+ 0-1


[Site "https://www.chess.com"]

[Event "Titled Tuesday Blitz April 4 Late 2023"]
[White "Adewumi, Tanitoluwa"]
[Black "Gatterer, Florian"]
[WhiteFideId "30966396"]
[BlackFideId "811688"]
[WhiteElo "2726"]
[BlackElo "2221"]
[Result "1-0"]
[Round "01"]
[TimeControl "180+2"]
[Date "2023.04.04"]
[WhiteClock "0:01:09"]
[BlackClock "0:00:02"]

1. e4 c6 2. d4 d5 3. exd5 cxd5 4. Bd3 Nf6 5. c3 Bg4 6. Qb3 Qc7 7. h3 Bd7 8. Ne2 e6 9. Bf4 Qc8 10. Nd2 Be7 11. O-O Nc6 12. Rfe1 O-O 13. Bg5 Re8 14. Ng3 g6 15. Nf3 Na5 16. Qc2 Nc4 17. Ne5 Nxe5 18. dxe5 Ne4 19. Bxe7 Nxg3 20. Bf6 Nh5 21. Qd2 Nxf6 22. exf6 Qd8 23. Qf4 Rc8 24. Re5 a6 25. Rae1 Bb5 26. Bb1 Qd6 27. R1e3 Rc4 28. Qg5 Qf8 29. h4 h6 30. Qg3 Kh7 31. h5 Qg8 32. hxg6+ fxg6 33. Rxe6 Rxe6 34. Rxe6 Rc7 35. Qxc7+ 1-0


[Site "https://www.chess.com"]

[Event "Titled Tuesday Blitz April 4 Late 2023"]
[White "Kozelov, Roman"]
[Black "koteRV1610"]
[WhiteFideId "14133377"]
[WhiteElo "2149"]
[BlackElo "2721"]
[Result "0-1"]
[Round "01"]
[TimeControl "180+2"]
[Date "2023.04.04"]
[WhiteClock "0:00:14"]
[BlackClock "0:00:19"]

1. e4 e6 2. d4 d5 3. Nc3 Bb4 4. e5 b6 5. a3 Bf8 6. f4 Ba6 7. Bxa6 Nxa6 8. Nf3 c5 9. Be3 Nh6 10. O-O Nf5 11. Bf2 h5 12. g3 Be7 13. h3 g6 14. Kg2 Rc8 15. Rh1 cxd4 16. Nb5 Nc5 17. Nbxd4 Ne4 18. Qe2 Qc7 19. c3 Qc4 20. Rae1 Qxe2 21. Rxe2 Kd7 22. Be1 h4 23. g4 Nfg3 24. Bxg3 Nxg3 25. Ree1 Nxh1 26. Rxh1 a6 27. Rd1 b5 28. f5 gxf5 29. gxf5 Rhg8+ 30. Kh2 Rg3 31. f6 Bc5 32. Nxh4 Re3 33. Nb3 Re2+ 34. Kg3 Rxb2 35. Nd2 Bxa3 36. Ndf3 Rxc3 37. Kg4 Rb4+ 38. Kh5 Rf4 39. Ng5 Ke8 40. Rg1 Bf8 41. Nh7 Rxh3 42. Rg4 Rxg4 43. Kxg4 Rh1 44. Ng5 b4 0-1


[Site "https://www.chess.com"]

[Event "Titled Tuesday Blitz April 4 Late 2023"]
[White "Bolourchifard, Farzad"]
[Black "Melikhov, Evgeny V."]
[WhiteFideId "12510084"]
[BlackFideId "4122046"]
[WhiteElo "2317"]
[BlackElo "2158"]
[Result "1-0"]
[Round "01"]
[TimeControl "180+2"]
[Date "2023.04.04"]
[WhiteClock "0:00:21"]
[BlackClock "0:00:01"]

1. e4 e5 2. Nf3 Nc6 3. Bc4 Nf6 4. d3 Be7 5. O-O O-O 6. Re1 d6 7. c3 Na5 8. Bb5 a6 9. Ba4 b5 10. Bc2 c5 11. Nbd2 Bb7 12. Nf1 Re8 13. Ng3 Bf8 14. Nh4 d5 15. Qe2 c4 16. dxc4 Nxc4 17. Rd1 Nxe4 18. Nxe4 Qxh4 19. Bg5 Qxe4 20. Bxe4 dxe4 21. a4 h6 22. axb5 axb5 23. Be3 f5 24. b3 Nxe3 25. Qxe3 Rxa1 26. Rxa1 Bd5 27. Qb6 Bxb3 28. Qxb5 Bf7 29. c4 f4 30. c5 e3 31. fxe3 fxe3 32. Rc1 Rc8 33. c6 e2 34. Qxe2 Bd5 35. c7 e4 36. Qa6 Re8 37. c8=Q Rxc8 38. Qxc8 1-0


[Site "https://www.chess.com"]

[Event "Titled Tuesday Blitz April 4 Late 2023"]
[White "Goncalves, Davi Sulzbacher"]
[Black "Bakalchuk, Johnatan"]
[WhiteFideId "2154510"]
[BlackFideId "2810301"]
[WhiteElo "2182"]
[BlackElo "2450"]
[Result "0-1"]
[Round "01"]
[TimeControl "180+2"]
[Date "2023.04.04"]
[WhiteClock "0:00:01"]
[BlackClock "0:01:34"]

1. Nf3 Nf6 2. d4 g6 3. c4 Bg7 4. Nc3 O-O 5. e4 d6 6. Be2 Na6 7. O-O e5 8. dxe5 dxe5 9. Qxd8 Rxd8 10. Bg5 c6 11. Rfd1 Re8 12. Rd6 Be6 13. Rad1 Nc5 14. Bxf6 Bxf6 15. b4 Na6 16. a3 Be7 17. R6d2 f6 18. c5 Nc7 19. h4 a5 20. h5 axb4 21. axb4 Ra3 22. Nb1 Rb3 23. Rd7 Bxd7 24. Bc4+ Be6 25. Bxb3 Bxb3 26. Rd7 Bd8 27. h6 Bf7 28. Nc3 Be6 29. Rg7+ Kh8 30. Nd2 Re7 31. Rxe7 Bxe7 32. g3 Na6 33. b5 Nxc5 34. f4 Nd3 35. bxc6 bxc6 0-1


[Site "https://www.chess.com"]

[Event "Titled Tuesday Blitz April 4 Late 2023"]
[White "Aydincelebi, Kagan"]
[Black "Celestino, Rafael Teixeira"]
[WhiteFideId "6361102"]
[BlackFideId "2108925"]
[WhiteElo "2180"]
[BlackElo "2395"]
[Result "1-0"]
[Round "01"]
[TimeControl "180+2"]
[Date "2023.04.04"]
[WhiteClock "0:01:28"]
[BlackClock "0:00:04"]

1. e4 e5 2. Nf3 Nc6 3. Bb5 Nf6 4. d3 Bb4+ 5. c3 Ba5 6. Bxc6 dxc6 7. Nxe5 O-O 8. O-O Re8 9. Nc4 Bb6 10. Bg5 h6 11. Bh4 g5 12. Bg3 Bg4 13. Qc2 Nh5 14. Nxb6 axb6 15. Nd2 Qf6 16. Bxc7 Nf4 17. Bxf4 Qxf4 18. Nc4 b5 19. Ne3 Be6 20. g3 Qf6 21. f4 gxf4 22. Rxf4 Qe5 23. d4 Qg5 24. a3 Kh7 25. Raf1 Rg8 26. Nf5 Rae8 27. Nd6 Re7 28. Nxf7 Qh5 29. e5+ Kg7 30. Nd6 Bh3 31. Nf5+ Bxf5 32. Qxf5 Qxf5 33. Rxf5 Kg6 34. Rf6+ Kg5 35. Kg2 Kh5 36. R1f4 Reg7 37. Rh4+ Kg5 38. Rhxh6 Rf7 39. h4+ Kg4 40. Rxf7 Re8 41. Rf4# 1-0


[Site "https://www.chess.com"]

[Event "Titled Tuesday Blitz April 4 Late 2023"]
[White "Gerbelli Neto, Eduardo"]
[Black "Klukin, Kirill"]
[WhiteFideId "2103281"]
[BlackFideId "24199273"]
[WhiteElo "2178"]
[BlackElo "2344"]
[Result "0-1"]
[Round "01"]
[TimeControl "180+2"]
[Date "2023.04.04"]
[WhiteClock "0:00:07"]
[BlackClock "0:00:37"]

1. e4 c5 2. Nc3 e6 3. f4 Nc6 4. Nf3 g6 5. Bc4 Bg7 6. f5 Nge7 7. fxe6 dxe6 8. d3 O-O 9. O-O Na5 10. Qe1 Nxc4 11. dxc4 Nc6 12. Bg5 Qb6 13. b3 Nd4 14. Nxd4 cxd4 15. Na4 Qc7 16. Bf4 e5 17. Bd2 b5 18. Ba5 Qc6 19. Nb2 bxc4 20. Nxc4 Ba6 21. Bb4 Bxc4 22. bxc4 Rfc8 23. c5 Bf8 24. Qf2 Qe6 25. c3 Rab8 26. a3 dxc3 27. Rac1 a5 28. Rxc3 axb4 29. axb4 Rxb4 30. c6 Rxe4 31. c7 Rf4 32. Qa7 Bd6 33. Rfc1 e4 34. Qb7 e3 35. Re1 e2 36. Rxe2 Qxe2 37. Qxc8+ Kg7 38. g3 Rf1# 0-1


[Site "https://www.chess.com"]

[Event "Titled Tuesday Blitz April 4 Late 2023"]
[White "Hansen, Sune Berg"]
[Black "Can, Melih Kaan"]
[WhiteFideId "1400266"]
[BlackFideId "6317383"]
[WhiteElo "2713"]
[BlackElo "2010"]
[Result "1-0"]
[Round "01"]
[TimeControl "180+2"]
[Date "2023.04.04"]
[WhiteClock "0:02:04"]
[BlackClock "0:00:03"]

1. Nf3 Nf6 2. g3 d5 3. Bg2 c6 4. O-O Bf5 5. c4 e6 6. Qb3 Qb6 7. cxd5 Qxb3 8. axb3 exd5 9. d3 Nbd7 10. Bd2 Bd6 11. Bc3 O-O 12. Nbd2 Rfe8 13. Rfe1 Nc5 14. b4 Ncd7 15. Nb3 Ne5 16. Nfd4 Bd7 17. Nc5 Bxc5 18. bxc5 a6 19. b4 Bg4 20. h3 Bh5 21. Nf5 Rab8 22. f4 Ned7 23. Nd6 Rxe2 24. g4 Rxe1+ 25. Rxe1 Nxg4 26. hxg4 Bxg4 27. Re7 f6 28. f5 Ne5 29. Bxe5 fxe5 30. Rxe5 Kf8 31. Kf2 b6 32. Kg3 h5 33. cxb6 Rxb6 34. Re8# 1-0


[Site "https://www.chess.com"]

[Event "Titled Tuesday Blitz April 4 Late 2023"]
[White "Perez Rodriguez, Jennifer"]
[Black "Iliaguev, Nisim"]
[WhiteFideId "3507831"]
[BlackFideId "2817276"]
[WhiteElo "2116"]
[BlackElo "2241"]
[Result "0-1"]
[Round "01"]
[TimeControl "180+2"]
[Date "2023.04.04"]
[WhiteClock "0:00:20"]
[BlackClock "0:01:38"]

1. e4 c6 2. Nc3 d5 3. Nf3 Bg4 4. h3 Bxf3 5. Qxf3 e6 6. d4 Nf6 7. e5 Nfd7 8. Qg3 c5 9. Be3 cxd4 10. Bxd4 Nc6 11. O-O-O a6 12. f4 g6 13. Be3 Rc8 14. Kb1 Qa5 15. Ne2 Bc5 16. Nc1 Qb6 17. Bxc5 Nxc5 18. Nb3 Ne4 19. Qf3 Nf2 20. Bd3 Nxh1 21. Rxh1 O-O 22. g4 Nb4 23. f5 Nxd3 24. Qxd3 Qf2 25. Rf1 Qh4 26. f6 Qg5 27. Qg3 Rc4 28. c3 b5 29. Nd4 b4 30. h4 Qd2 31. Nb3 Qe2 32. Rg1 bxc3 33. bxc3 Rfc8 34. Rc1 Qxg4 35. Qe3 Qf4 36. Qe2 h5 37. Kb2 d4 38. Rf1 dxc3+ 39. Kc2 Qe4+ 40. Qxe4 Rxe4 0-1


[Site "https://www.chess.com"]

[Event "Titled Tuesday Blitz April 4 Late 2023"]
[White "Nazari, Arad"]
[Black "Zeman, Matyas"]
[WhiteFideId "12577324"]
[BlackFideId "364398"]
[WhiteElo "2242"]
[BlackElo "2254"]
[Result "1-0"]
[Round "01"]
[TimeControl "180+2"]
[Date "2023.04.04"]
[WhiteClock "0:01:16"]
[BlackClock "0:00:15"]

1. e4 c5 2. Nf3 Nc6 3. Bb5 g6 4. Bxc6 bxc6 5. O-O Bg7 6. c3 d6 7. d4 cxd4 8. cxd4 Nh6 9. h3 O-O 10. Nc3 f6 11. e5 Nf7 12. Bf4 Qa5 13. Re1 fxe5 14. dxe5 Nxe5 15. Nxe5 dxe5 16. Be3 Bf5 17. Qa4 Qxa4 18. Nxa4 e4 19. Rac1 Rae8 20. b3 Rf6 21. Bxa7 Rd6 22. Be3 Bd4 23. Bxd4 Rxd4 24. Re2 Rd6 25. g4 Be6 26. Rxe4 Bd5 27. Re5 Rf8 28. Rxe7 Rf3 29. Re3 Rdf6 30. Rxf3 Rxf3 31. Rc3 Rf4 32. Nb6 Be4 33. Rc4 g5 34. Nd7 Kf7 35. Nc5 Bb1 36. Rxf4+ gxf4 37. a4 Ke7 38. a5 Kd6 39. b4 Ba2 40. Nd3 1-0


[Site "https://www.chess.com"]

[Event "Titled Tuesday Blitz April 4 Late 2023"]
[White "Senft, Sean"]
[Black "Manzone, Alessandro"]
[WhiteFideId "2044960"]
[BlackFideId "112488"]
[WhiteElo "1989"]
[BlackElo "2255"]
[Result "1-0"]
[Round "01"]
[TimeControl "180+2"]
[Date "2023.04.04"]
[WhiteClock "0:00:07"]
[BlackClock "0:00:09"]

1. d4 Nf6 2. c4 e6 3. Nc3 Bb4 4. Nf3 O-O 5. Bg5 d5 6. e3 h6 7. Bh4 c5 8. cxd5 exd5 9. Bd3 Nc6 10. O-O cxd4 11. exd4 Be7 12. Re1 Be6 13. Rc1 Re8 14. Bb1 Ne4 15. Bxe7 Rxe7 16. Nxe4 dxe4 17. Bxe4 Bxa2 18. d5 Ne5 19. Nxe5 Rxe5 20. Bh7+ Kxh7 21. Rxe5 Qf6 22. Qd3+ g6 23. Rce1 Rd8 24. h3 Rd7 25. b3 Qd6 26. R5e2 Qa3 27. Ra1 Qxb3 28. Qe4 f5 29. Qe6 Qxd5 30. Raxa2 Qd1+ 31. Re1 Qd4 32. Rae2 Rg7 33. Qe8 h5 34. Re7 Rxe7 35. Qxe7+ Kh6 36. h4 Qc3 37. Qf8+ Qg7 38. Qxg7+ Kxg7 39. Re7+ Kf6 40. Rxb7 1-0


[Site "https://www.chess.com"]

[Event "Titled Tuesday Blitz April 4 Late 2023"]
[White "Mindlin, Alon"]
[Black "Skaric, Djuro"]
[WhiteFideId "2800071"]
[BlackFideId "934569"]
[WhiteElo "2430"]
[BlackElo "2282"]
[Result "1-0"]
[Round "01"]
[TimeControl "180+2"]
[Date "2023.04.04"]
[WhiteClock "0:01:28"]
[BlackClock "0:01:09"]

1. d4 d6 2. e4 g6 3. Nc3 Bg7 4. Bg5 Nf6 5. Qd2 h6 6. Bh4 Nc6 7. O-O-O O-O 8. f3 e5 9. Nge2 a6 10. Nd5 exd4 11. Nxd4 Nxd4 12. Nxf6+ Bxf6 13. Bxf6 Qxf6 14. Qxd4 Qxd4 15. Rxd4 Bd7 16. e5 Rfe8 17. exd6 c5 18. Rd1 b5 19. Bd3 Rab8 20. Be4 Rb6 21. Rd5 c4 22. Rhd1 Re6 23. g4 Kg7 24. c3 Kf6 25. h4 Re5 26. R5d4 g5 27. hxg5+ hxg5 28. Rh1 Kg7 29. Rh7+ Kf6 30. Rh8 Rxe4 31. Rxe4 Rxd6 32. Rh6+ 1-0


[Site "https://www.chess.com"]